 Dungeon Crawl Stone Soup version 0.25-a0-189-gf71692caf1 (webtiles) character file.

Game seed: 4767470392164077667, levelgen mode: deterministic

429 MrRokkomies the Skirmisher (level 6, -4/57 HPs)
             Began as a Ghoul Monk on Nov 29, 2019.
             Slain by Pikel
             ... wielding a +1 whip of electrocution
              (19 damage)
             ... on level 4 of the Dungeon.
             The game lasted 00:09:22 (2578 turns).

MrRokkomies the Skirmisher (Ghoul Monk)             Turns: 2578, Time: 00:09:23

Health: -4/57      AC:  9    Str: 17    XL:     6   Next: 98%
Magic:  5/5        EV: 11    Int:  5    God:
Gold:   190        SH:  0    Dex: 11    Spells: 5/5 levels left

rFire    . . .     SeeInvis .     - Unarmed
rCold    + . .     Gourm    .   (no shield)
rNeg     + + +     Faith    .   a - +3 scale mail {MR+}
rPois    ∞         Spirit   .   (no helmet)
rElec    .         Reflect  .   (no cloak)
rCorr    .         Harm     .   (no gloves)
MR       +++..                  (no boots)
Stlth    ..........             (no amulet)
HPRegen  0.00/turn              j - ring of protection from magic
MPRegen  0.09/turn              e - ring of protection from magic

@: rotting
A: rotting body, claws 1, carnivore, cold resistance 1, negative energy
resistance 3, inhibited regeneration, torment resistance, unbreathing
a: no special abilities


You were on level 4 of the Dungeon.
You were not hungry.

You visited 1 branch of the dungeon, and saw 4 of its levels.

You collected 190 gold pieces.

Inventory:

Missiles
 h - 23 poisoned darts (quivered)
Armour
 a - a +3 scale mail of magic resistance (worn)
Jewellery
 e - a ring of protection from magic (right claw)
 j - a ring of protection from magic (left claw)
Scrolls
 d - a scroll of teleportation
 i - a scroll of identify
Potions
 f - a potion of resistance {unknown}
 g - 3 potions of brilliance
 k - a potion of curing
Comestibles
 b - 7 rations


   Skills:
 * Level 5.6 Fighting
 + Level 1.8 Throwing
 + Level 3.8 Dodging
 - Level 2.1 Stealth
 * Level 5.5 Unarmed Combat


You had 5 spell levels left.
You didn't know any spells.
Your spell library contained the following spells:

 Spells                   Type           Power        Failure   Level  Hunger
 Magic Dart               Conj           #...         89%         1    ##.....
 Searing Ray              Conj           #.....       96%         2    ###....
 Dazzling Spray           Conj/Hex       #.....       99%         3    ####...
 Force Lance              Conj/Tloc      #.......     100%        4    #####..
 Fulminant Prism          Conj/Hex       #.........   100%        4    #####..
 Iskenderun's Mystic Bla  Conj           #.......     100%        4    #####..


Dungeon Overview and Level Annotations

Branches:
Dungeon (4/15)
 Temple: D:4-7

Altars:
Dithmenos
Fedhas
The Shining One

Annotations:
D:4 Pikel


Innate Abilities, Weirdness & Mutations

Your body is rotting away.
You thrive on raw meat.
You are immune to poison.
You have sharp fingernails.
You are carnivorous and can eat meat at any time.
Your flesh is cold resistant. (rC+)
You are immune to negative energy. (rN+++)
You do not regenerate when monsters are visible.
You are immune to unholy pain and torment.
You can survive without breathing.


Message History

You feel better. Pikel misses you. The slave hits you.
* * * LOW HITPOINT WARNING * * *
The slave hits you but does no damage.
You scratch Pikel but do no damage.
Pikel is severely wounded.
Pikel misses you. The slave hits you.
* * * LOW HITPOINT WARNING * * *
The slave hits you but does no damage.
You barely miss Pikel.
Pikel is severely wounded.
Pikel barely misses you. The slave hits you.
* * * LOW HITPOINT WARNING * * *
The slave hits you but does no damage.
Okay, then.
Unknown command.
You feel better.
Pikel hits you with a +1 whip of electrocution.
* * * LOW HITPOINT WARNING * * *
You are electrocuted!!
You die...

#################'###
............##.##...###
.#.....!....#......>..#
.#..........#<........#
.#........(.#.........#
.#..........##.......##
.#######....##.......##
.##...##........Kp....+
......#.........@....##
......########.p.....##
......##....##........+
.............#.)......#
.............#........#
###...##....##.......##
.##...########.......#
#...# ..#...##...
#.......# ##...#
..#........
#.......#.....#.....


You could see Pikel and 2 slaves.

Vanquished Creatures
  2 slaves (D:3)
  A howler monkey (D:4)
  3 orc priests (D:4)
  An orc wizard (D:3)
  Terence (D:3)
  Natasha (D:3)
  2 worker ants (D:4)
  4 gnolls (D:4)
  5 adders
  An ooze (D:3)
  3 dart slugs
  3 leopard geckos
  10 orcs
  A ball python (D:3)
  3 bats
  A giant cockroach (D:2)
  7 goblins
  12 hobgoblins
  7 kobolds
  2 quokkas
  4 frilled lizards
  10 rats
84 creatures vanquished.

Notes
Turn   | Place    | Note
-------+----------+-------------------------------------------
     0 | D:1      | MrRokkomies the Ghoul Monk began the quest for the Orb.
     0 | D:1      | Reached XP level 1. HP: 19/19 MP: 0/0
   219 | D:1      | Reached XP level 2. HP: 22/25 MP: 1/1
   562 | D:2      | Reached XP level 3. HP: 24/33 MP: 2/2
   777 | D:2      | Reached XP level 4. HP: 35/40 MP: 3/3
  1246 | D:3      | Noticed Terence
  1267 | D:3      | Killed Terence
  1308 | D:3      | Reached XP level 5. HP: 26/47 MP: 4/4
  1646 | D:3      | Reached skill level 1 in Throwing
  1898 | D:3      | Found a glowing golden altar of the Shining One.
  1988 | D:3      | Noticed Natasha
  1992 | D:3      | Killed Natasha
  2050 | D:3      | Found a shadowy altar of Dithmenos.
  2051 | D:3      | Found a blossoming altar of Fedhas.
  2139 | D:4      | Reached skill level 5 in Fighting
  2139 | D:4      | Reached skill level 5 in Unarmed Combat
  2139 | D:4      | Reached XP level 6. HP: 50/56 MP: 5/5
  2379 | D:4      | Noticed a slave
  2379 | D:4      | Noticed a slave
  2379 | D:4      | Noticed a slave
  2379 | D:4      | Noticed a slave
  2379 | D:4      | Noticed Pikel
  2468 | D:3      | Killed a slave
  2477 | D:3      | Killed a slave
  2578 | D:4      | Slain by Pikel

Levels and vault maps discovered:
D:1:      erik_arrival_blinker_ship, layout_rooms, dk_noncrumbling_3
D:2:      layout_loops_ring
D:3:      layout_basic, lemuel_doored_altar, gammafunk_temple_overflow_statue,
          minmay_unequal, uniq_terence, uniq_natasha
D:4:      layout_gridville, vehumet_crystals, first_ration, uniq_ijyb,
          uniq_duvessa, uniq_pikel

Skill      XL: |  1  2  3  4  5 |
---------------+----------------+-----
Dodging        | 3 |  3.8
Fighting       | 4 5 |  5.6
Unarmed Combat | 4 5 |  5.5
Throwing       | 1 |  1.8
Stealth        | |  2.1

Action                   |  1- 3 |  4- 6 || total
-------------------------+-------+-------++-------
Melee: Unarmed           |   115 |   207 ||   322
       Punch             |     2 |     3 ||     5
Throw: Dart              |       |    12 ||    12
  Use: Scroll            |       |     9 ||     9
       Potion            |       |     3 ||     3
 Stab: Sleeping          |     1 |       ||     1
  Eat: Chunk             |     7 |    15 ||    22
Armor: Robe              |     7 |       ||     7
       Ring mail         |    26 |    14 ||    40
       Scale mail        |       |    63 ||    63
Dodge: Dodged            |    75 |   110 ||   185

Table legend:
 A = Non-vault XP
 B = Vault XP
 C = Vault XP percentage of total XP
 D = Non-vault monster count
 E = Vault monster count
 F = Vault count percentage of total count
                 A         B        C        D         E       F
            +---------+---------+-------+---------+---------+-------
      Total |     540 |      73 |  11.9 |      79 |       3 |   3.7
            +---------+---------+-------+---------+---------+-------
        D:1 |      30 |       0 |   0.0 |      17 |       0 |   0.0
        D:2 |      79 |       0 |   0.0 |      23 |       0 |   0.0
        D:3 |     102 |      73 |  41.7 |      21 |       3 |  12.5
        D:4 |     329 |       0 |   0.0 |      18 |       0 |   0.0
            +---------+---------+-------+---------+---------+-------
